Map: Catalyst LE

Players

Dear - Winner!

  • Race: Protoss Protoss
  • Spawn Location: 11:00

Impact

  • Race: Zerg Zerg
  • Spawn Location: 5:00

Event: IEM Season 12 - Katowice

VOD

Have the link to the VOD?

Description

Time

  • Played on: March 3, 2018, 7:42 a.m.
  • Length: 7:33

All games in this series

Show
View Real Time Build Order
Export as new Build Order

Dear Protoss - Winner!

Build Orders: 1 Gate Expand, Oracle Opening 

Get SALT Encoding   

  12  0:00  Probe  
  13  0:12  Probe  
  14  0:20  Pylon  
  14  0:24  Probe  
  15  0:38  Probe (Chrono Boost)  
  16  0:44  Gateway  
  16  0:47  Probe (Chrono Boost)  
  17  0:50  Assimilator  
  17  0:52  Probe (Chrono Boost)  
  18  1:04  Probe  
  19  1:16  Probe  
  20  1:28  Probe  
  21  1:36  Cybernetics Core  
  21  1:40  Nexus  
  21  1:50  Probe  
  21  1:51  Assimilator  
  22  1:56  Pylon  
  22  2:02  Probe  
  23  2:12  Adept (Chrono Boost)  
  23  2:15  Probe  
  25  2:20  Stargate  
  25  2:27  Probe  
  25  2:28  Warp Gate  
  26  2:31  Adept (Chrono Boost)  
  28  2:39  Probe  
  29  2:49  Adept  
  31  2:52  Probe x2  
  33  3:04  Probe  
  33  3:05  Probe  
  35  3:06  Void Ray (Chrono Boost)  
  39  3:17  Pylon  
  39  3:19  Adept  
  41  3:26  Gateway  
  41  3:35  Shield Battery  
  41  3:39  Oracle (Chrono Boost)  
  44  3:45  Shield Battery  
  44  3:47  Probe x2  
  46  3:57  Adept  
  46  3:59  Probe x2  
  50  4:03  Pylon  
  50  4:07  Oracle (Chrono Boost)  
  53  4:13  Probe  
  54  4:19  Pylon  
  54  4:21  Probe  
  55  4:28  Shield Battery  
  55  4:29  Shield Battery  
  55  4:34  Stalker x2  
  55  4:37  Shield Battery  
  59  4:42  Gateway  
  59  4:56  Gateway  
  59  5:00  Stalker x2  
  45  5:21  Pylon  
  43  5:26  Stalker x2  
  47  5:31  Pylon  
  40  5:42  Pylon  
  36  5:49  Stalker  
  38  5:54  Stalker  
  38  5:55  Stalker  
  42  6:03  Probe x2  
  44  6:04  Oracle (Chrono Boost)  
  44  6:09  Zealot  
  49  6:14  Zealot  
  49  6:15  Probe x2  
  49  6:17  Zealot  
  55  6:19  Zealot  
  54  6:34  Stalker x2  
  52  6:40  Zealot x2  
  52  6:54  Probe x2  
  48  6:56  Robotics Facility  
  48  7:00  Zealot x3  
  52  7:02  Zealot  
  46  7:22  Stalker x3  
  46  7:24  Sentry  
  46  7:27  Shield Battery  
Show
View Real Time Build Order
Export as new Build Order

Impact Zerg 

Build Orders: Pool First 

Get SALT Encoding   

  12  0:00  Drone  
  13  0:10  Drone  
  14  0:16  Overlord  
  14  0:23  Drone, Extractor  
  15  0:35  Drone  
  16  0:38  Drone  
  17  0:51  Spawning Pool  
  17  0:52  Drone, Extractor  
  16  0:57  Drone  
  17  1:08  Drone  
  18  1:28  Drone  
  19  1:35  Drone, Hatchery  
  19  1:40  Zergling x2  
  19  1:46  Queen  
  22  1:54  Extractor  
  22  1:55  Drone  
  22  1:58  Metabolic Boost  
  23  2:18  Hatchery  
  22  2:24  Overlord  
  22  2:43  Drone  
  22  2:44  Drone x2  
  25  2:48  Roach Warren  
  25  2:49  Drone  
  25  2:53  Zergling x2  
  25  2:54  Zergling x2  
  27  3:02  Overlord  
  27  3:26  Overlord  
  27  3:29  Queen  
  27  3:30  Roach  
  30  3:41  Roach  
  32  3:47  Roach x3  
  38  3:50  Ravager  
  38  3:52  Roach  
  38  3:54  Spore Crawler  
  40  4:01  Ravager  
  41  4:04  Overlord  
  41  4:05  Queen  
  43  4:14  Roach  
  44  4:24  Ravager  
  44  4:25  Zergling x8  
  44  4:29  Zergling x2  
  50  4:32  Zergling x2  
  51  4:39  Zergling x4  
  52  4:48  Queen  
  55  4:52  Zergling x2  
  55  4:59  Zergling x2  
  57  5:00  Zergling x4  
  53  5:10  Zergling x4  
  49  5:19  Ravager  
  49  5:20  Zergling x2  
  49  5:21  Zergling x2  
  44  5:29  Roach  
  44  5:30  Roach  
  44  5:40  Zergling x4  
  44  5:46  Roach x3  
  45  5:52  Zergling x2  
  45  5:53  Zergling x2  
  47  6:03  Zergling x4  
  49  6:07  Ravager  
  50  6:13  Queen, Zergling x2  
  50  6:14  Zergling x4  
  50  6:15  Zergling x2  
  50  6:18  Zergling x2  
  57  6:29  Zergling x6  
  57  6:32  Zergling x2  
  53  6:35  Zergling x2  
  53  6:36  Zergling x2  
  53  6:38  Zergling x2  
  52  6:45  Zergling x4  
  51  6:53  Roach  
  45  6:55  Roach  
  45  6:57  Roach  
  45  6:59  Zergling x2  
  49  7:06  Roach  
  49  7:09  Roach  
  49  7:12  Zergling x2  

Tags
 
Add a new tag
Caveats
  • Supply blocks, unpowered buildings, or Contaminate may cause inaccurate times.
  • Supply counts are checked every 10 seconds.